 Dungeon Crawl Stone Soup version 0.19.1 (console) character file.

322 Kloppie the Spear-Bearer (level 6, -7/51 HPs)
             Began as a Merfolk Berserker on Dec 2, 2016.
             Was a Priest of Trog.
             Mangled by an ogre
             ... wielding a +0 giant club
              (9 damage)
             ... on level 4 of the Dungeon.
             The game lasted 00:03:40 (2774 turns).

Kloppie the Spear-Bearer (Merfolk Berserker)        Turns: 2774, Time: 00:03:40

Health: -7/51      AC:  7    Str: 17    XL:     6   Next: 47%
Magic:  6/6        EV: 13    Int:  6    God:    Trog [***...]
Gold:   156        SH:  0    Dex: 16    Spells: 0 memorised, 5 levels left

rFire  . . .     SeeInvis .     a - +0 spear
rCold  . . .     Gourm    .     s - +1 robe {rN+}
rNeg   + . .     Faith    .     (no shield)
rPois  .         Spirit   .     (no helmet)
rElec  .         Reflect  .     v - +2 cloak
rCorr  .         Harm     .     (no gloves)
MR     .....                    u - +0 pair of boots
Stlth  +.........               (no amulet)
                                (no ring)
                                (no ring)

@: no status effects
A: change form in water, swift swim, stealthy swim
a: Berserk, Trog's Hand, Burn Spellbooks, Renounce Religion


You were on level 4 of the Dungeon.
You worshipped Trog.
Trog was most pleased with you.
You were near starving.

You visited 1 branch of the dungeon, and saw 4 of its levels.

You collected 156 gold pieces.

Inventory:

Hand Weapons
 a - a +0 spear (weapon)
Armour
 s - a +1 robe of positive energy (worn)
 u - a +0 pair of boots (worn)
 v - a +2 cloak (worn)
Jewellery
 q - an uncursed ring of ice {unknown}
Scrolls
 b - 3 scrolls of remove curse {unknown}
 d - a scroll of magic mapping {unknown}
 e - a scroll of recharging {unknown}
 g - a scroll of identify {unknown}
 i - a scroll of amnesia {unknown}
 k - 3 scrolls of teleportation {unknown}
 o - 2 scrolls of enchant armour {unknown}
 w - a scroll of fog {unknown}
Potions
 l - 2 potions of curing {unknown}
 m - a potion of ambrosia {unknown}
 n - 2 potions of magic {unknown}
 p - a potion of berserk rage {unknown}
 r - a potion of cure mutation {unknown}
 t - a potion of degeneration {unknown}
Comestibles
 c - 5 bread rations
 f - 3 meat rations
 h - a slice of pizza


   Skills:
 + Level 5.2 Fighting
 * Level 8.6 Polearms
 - Level 1.3 Armour
 - Level 2.6 Dodging


You had 5 spell levels left.
You didn't know any spells.

Dungeon Overview and Level Annotations

Branches:
Dungeon (4/15)
 Temple: D:4-7

Altars:
Makhleb
Trog
The Shining One


Message History

You are too injured to fight recklessly!
You are too injured to fight recklessly!
You're too hungry.
You hit the ogre but do no damage.
The ogre is lightly wounded.
You hit the ogre.
The ogre is heavily wounded.
The ogre barely misses you.
You hit the ogre.
The ogre is heavily wounded.
You hit the ogre.
The ogre is heavily wounded.
The ogre hits you with a giant club!
* * * LOW HITPOINT WARNING * * *
You hit the ogre.
The ogre is severely wounded.
You hit the ogre.
The ogre is severely wounded.
The ogre hits you with a giant club!
You die...

## #.. ### #.#
###.##### #.#
........##
#.##########
###.###..#
#....@O....# #.#
#### +..#######.#
#.# ##..# #.# #...#
###.# ###.# ....#
#.# ....# #.# ....#
#.#
....#########.######


You could see an ogre.

Vanquished Creatures
  2 scorpions (D:4)
  Crazy Yiuf (D:3)
  Jessica (D:2)
  An iguana (D:4)
  2 worker ants (D:4)
  An adder (D:3)
  An ooze (D:2)
  2 worms
  2 dart slugs (D:2)
  4 leopard geckos
  3 orcs (D:4)
  6 giant cockroaches
  3 goblins
  9 hobgoblins
  2 quokkas
  2 ball pythons (D:2)
  5 bats
  5 frilled lizards
  11 kobolds
  A quokka skeleton (D:4)
  10 rats
  2 fungi (D:3)
76 creatures vanquished.

Notes
Turn   | Place    | Note
-------+----------+-------------------------------------------
     0 | D:1      | Kloppie the Merfolk Berserker began the quest for the Orb.
     0 | D:1      | Reached XP level 1. HP: 18/18 MP: 1/1
   208 | D:1      | Reached skill level 5 in Polearms
   208 | D:1      | Reached XP level 2. HP: 23/24 MP: 2/2
   556 | D:1      | Reached XP level 3. HP: 19/29 MP: 3/3
   904 | D:2      | Reached ** piety under Trog
  1169 | D:2      | Noticed Jessica
  1176 | D:2      | Killed Jessica
  1176 | D:2      | Reached skill level 6 in Polearms
  1176 | D:2      | Reached XP level 4. HP: 37/37 MP: 4/4
  1492 | D:3      | Found a burning altar of Makhleb.
  1533 | D:3      | Found a glowing golden altar of the Shining One.
  1725 | D:3      | Reached *** piety under Trog
  1877 | D:3      | Found a glowing drain.
  1971 | D:3      | Found a runed door.
  1975 | D:3      | Noticed Crazy Yiuf
  1986 | D:3      | Killed Crazy Yiuf
  1986 | D:3      | Reached skill level 7 in Polearms
  1986 | D:3      | Reached XP level 5. HP: 43/43 MP: 5/5
  2251 | D:4      | Reached skill level 5 in Fighting
  2251 | D:4      | Reached skill level 8 in Polearms
  2251 | D:4      | Reached XP level 6. HP: 40/51 MP: 6/6
  2376 | D:4      | Found a bloodstained altar of Trog.
  2772 | D:4      | HP: 1/51 [ogre/giant club (13)]
  2774 | D:4      | Mangled by an ogre

Skill      XL: |  1  2  3  4  5 |
---------------+----------------+-----
Polearms       | 5 6 7 8 |  8.6
Fighting       | 4 5 |  5.2
Armour         | |  1.3
Dodging        | |  2.6

Action                   |  1- 3 |  4- 6 || total
-------------------------+-------+-------++-------
Melee: Spear             |   117 |   192 ||   309
Invok: Berserk           |     1 |     3 ||     4
 Stab: Sleeping          |     6 |       ||     6
       Distracted        |     1 |       ||     1
  Eat: Chunk             |     1 |     7 ||     8
Armor: Animal skin       |     7 |       ||     7
       Robe              |       |    22 ||    22
Dodge: Dodged            |    33 |    58 ||    91
